 Dungeon Crawl Stone Soup version 0.25-a0-1130-g3926558f3a (webtiles) character file.

Game seed: 8297542453960871480, levelgen mode: deterministic

69 MisterFreud the Skirmisher (level 4, -6/33 HPs)
             Began as an Octopode Gladiator on May 19, 2020.
             Mangled by an iguana (12 damage)
             ... on level 4 of the Dungeon.
             The game lasted 00:01:22 (2590 turns).

MisterFreud the Skirmisher (Octopode Gladiator)     Turns: 2590, Time: 00:01:23

Health: -6/33      AC:  1    Str: 13    XL:     4   Next: 20%
Magic:  4/4        EV: 14    Int: 11    God:
Gold:   196        SH:  0    Dex: 13    Spells: 3/3 levels left

rFire    . . .     SeeInvis .   a - +0 long sword
rCold    . . .     Gourm    .   (no shield)
rNeg     . . .     Faith    .   b - +0 hat
rPois    .         Spirit   .   (no amulet)
rElec    .         Reflect  .   (no ring)
rCorr    .         Harm     .   (no ring)
MR       .....                  (no ring)
Stlth    ++........             (no ring)
HPRegen  0.11/turn              (no ring)
MPRegen  0.09/turn              (no ring)
                                (no ring)
                                (no ring)

@: no status effects
A: almost no armour, stealthy swim, amphibious, 8 rings, constrict 8, camouflage
1, gelatinous body 1
a: no special abilities


You were on level 4 of the Dungeon.
You were not hungry.

You visited 1 branch of the dungeon, and saw 4 of its levels.

You collected 196 gold pieces.

Inventory:

Hand Weapons
 a - a +0 long sword (weapon)
Missiles
 c - 3 throwing nets (quivered)
Armour
 b - a +0 hat (worn)
Jewellery
 j - an uncursed ring of poison resistance {unknown}
 r - an uncursed ring of see invisible {unknown}
Scrolls
 e - 2 scrolls of amnesia {unknown}
 h - 2 scrolls of identify {unknown}
 k - 4 scrolls of teleportation {unknown}
 l - a scroll of fog {unknown}
 m - a scroll of remove curse {unknown}
 p - a scroll of enchant armour {unknown}
 s - a scroll of blinking {unknown}
Potions
 f - 3 potions of flight {unknown}
 g - 3 potions of heal wounds {unknown}
 i - a potion of curing {unknown}
 n - 2 potions of brilliance {unknown}
 o - a potion of stabbing {unknown}
Comestibles
 d - 6 rations


   Skills:
 - Level 4.0 Fighting
 + Level 3.4 Long Blades
 - Level 2.0 Throwing
 - Level 3.0 Dodging


You had 3 spell levels left.
You didn't know any spells.
Your spell library was empty.

Dungeon Overview and Level Annotations

Branches:
Dungeon (4/15)
 Temple: D:4-7

Altars:


Innate Abilities, Weirdness & Mutations

You cannot wear most types of armour.
You are very stealthy in the water. (Stealth+)
You are amphibious.
You can wear up to eight rings at the same time.
You can use your tentacles to constrict eight enemies at once.
Your skin changes colour to match your surroundings (Stealth+).
Your rubbery body absorbs attacks. (AC +1, EV +1)


Message History

There is a stone staircase leading up here.
There's nothing to open nearby.
The iguana barely misses you.
You hit the iguana. You grab the iguana.
The iguana is moderately wounded.
You constrict the iguana. The iguana closely misses you.
You hit the iguana but do no damage.
The iguana is moderately wounded.
You constrict the iguana. The iguana bites you.
You hit the iguana but do no damage. Your squeeze misses the iguana.
The iguana is heavily wounded.
You constrict the iguana. The iguana bites you!
You are too injured to fight recklessly!
You are too injured to fight recklessly!
You hit the iguana.
The iguana is severely wounded.
You constrict the iguana. The iguana bites you!
* * * LOW HITPOINT WARNING * * *
The iguana bites you!
You die...

###.#
..#.#
#.#.#
##.#.#
#....#
#<...#
#...##
##@.#
#.l#
#..#
#..#
#..#
#..#
#..#
...#


You could see an iguana.

Vanquished Creatures
  A gnoll (D:1)
  An adder (D:2)
  A worm (D:2)
  4 dart slugs
  2 bats (D:1)
  2 giant cockroaches
  6 goblins
  4 hobgoblins
  6 kobolds
  A quokka (D:2)
  2 ball pythons
  3 frilled lizards
  7 rats
40 creatures vanquished.

Notes
Turn   | Place    | Note
-------+----------+-------------------------------------------
     0 | D:1      | MisterFreud the Octopode Gladiator began the quest for the
                  | Orb.
     0 | D:1      | Reached XP level 1. HP: 14/14 MP: 1/1
    28 | D:1      | Reached XP level 2. HP: 13/20 MP: 2/2
    31 | D:1      | Reached skill level 3 in Fighting
   374 | D:1      | Reached XP level 3. HP: 12/26 MP: 3/3
  1431 | D:2      | Reached skill level 4 in Fighting
  1927 | D:2      | Reached XP level 4. HP: 33/33 MP: 4/4
  2590 | D:4      | Mangled by an iguana

Illustrated notes

Levels and vault maps discovered:
D:1:      scummos_arrival_forest, layout_loops_ring
D:2:      layout_basic
D:3:      layout_rooms, serial_corexii_hall, corexii_hall_statues_t,
          chequers_hall_statues_wall_a, corexii_hall_statues_i
D:4:      layout_loops_ring, evilmike_ruin_ashenzari,
          amethyst_overflow_temple_binary, uniq_sigmund

Skill      XL: |  1  2  3 |
---------------+----------+-----
Fighting       | 3 4 |  4.0
Long Blades    | |  3.4
Throwing       | |  2.0
Dodging        | |  3.0

Action                   |  1- 3 |  4- 6 || total
-------------------------+-------+-------++-------
Melee: Long sword        |    58 |    13 ||    71
       Tentacles         |     9 |     1 ||    10
       Constrict         |    19 |     3 ||    22
 Stab: Sleeping          |     8 |     1 ||     9
  Eat: Chunk             |     3 |     2 ||     5
Armor: Skin              |     4 |       ||     4
Dodge: Dodged            |    34 |    10 ||    44
       Rpst.: Long sword |     8 |     2 ||    10

Table legend:
 A = Non-vault XP
 B = Vault XP
 C = Vault XP percentage of total XP
 D = Non-vault monster count
 E = Vault monster count
 F = Vault count percentage of total count
                 A         B        C        D         E       F
            +---------+---------+-------+---------+---------+-------
      Total |      99 |       0 |   0.0 |      40 |       0 |   0.0
            +---------+---------+-------+---------+---------+-------
        D:1 |      51 |       0 |   0.0 |      21 |       0 |   0.0
        D:2 |      44 |       0 |   0.0 |      16 |       0 |   0.0
        D:3 |       4 |       0 |   0.0 |       3 |       0 |   0.0
            +---------+---------+-------+---------+---------+-------
